 Dungeon Crawl Stone Soup version 0.28.0-53-g5a82cb258f (webtiles) character file.

Game seed: 15794045630942696344

3343 Gabide the Archer (level 9, -3/54 HPs)
             Began as a Deep Elf Hunter on June 14, 2022.
             Was a Plaything of Xom.
             Shot with an arrow by a centaur (9 damage)
             ... on level 8 of the Dungeon.
             The game lasted 00:13:35 (9776 turns).

Gabide the Archer (Deep Elf Hunter)                 Turns: 9776, Time: 00:13:35

Health: -3/54      AC:  6    Str:  7    XL:     9   Next: 72%
Magic:  11/11      EV: 13    Int: 17    God:    Xom [..*...]
Gold:   414        SH:  0    Dex: 19    Spells: 8/8 levels left

rFire   . . .      SeeInvis .   a - +4 shortbow
rCold   . . .      Faith    .   (shield currently unavailable)
rNeg    + . .      Spirit   .   k - +0 ring mail
rPois   .          Reflect  .   v - +1 helmet
rElec   .          Harm     .   D - +0 cloak {rCorr}
rCorr   +          Rampage  .   (no gloves)
Will    .....                   q - +0 pair of boots
Stlth   ++++......              w - amulet of magic regeneration
HPRegen 0.18/turn               c - ring of positive energy
MPRegen 0.52/turn               (no ring)

@: brilliant
A: camouflage 1, deformed body, weak 1
a: Renounce Religion


You were on level 8 of the Dungeon.
You worshipped Xom.
You were a toy of Xom.
You visited 2 branches of the dungeon, and saw 9 of its levels.

You collected 414 gold pieces.

Inventory:

Hand Weapons
 a - a +4 shortbow (weapon)
 b - a +4 flail
 B - a +2 quarterstaff of speed
 C - a +2 quarterstaff of chaos
Missiles
 d - 31 arrows (quivered ammo)
 i - 3 silver javelins
Armour
 k - a +0 ring mail (worn)
 q - a +0 pair of boots (worn)
 v - a +1 helmet (worn)
 D - a +0 cloak of preservation (worn)
Jewellery
 c - a ring of positive energy (left hand)
 w - an amulet of magic regeneration (around neck)
Wands
 p - a wand of acid (10)
 r - a wand of flame (9)
 u - a wand of paralysis (6)
 z - a wand of iceblast (25)
Scrolls
 f - 2 scrolls of immolation
 g - 2 scrolls of teleportation
 m - a scroll of acquirement {unknown}
 n - a scroll of holy word
 x - a scroll of enchant armour {unknown}
 y - 2 scrolls of identify {unknown}
Potions
 e - 3 potions of haste {unknown}
 h - a potion of cancellation {unknown}
 j - a potion of lignification {unknown}
 l - 2 potions of curing {unknown}
 o - 2 potions of ambrosia {unknown}
 s - a potion of attraction {unknown}
 t - 2 potions of flight {unknown}


   Skills:
 + Level 5.5 Fighting
 * Level 12.8 Bows
 + Level 8.0 Dodging
 - Level 7.0 Stealth


You had 8 spell levels left.
You didn't know any spells.
Your spell library contained the following spells:

 Spells                   Type           Power      Damage    Failure   Level
 Shock                    Conj/Air       0%         1d3       63%         1
 Sublimation of Blood     Necr           0%         N/A       77%         2
 Wereblood                Tmut           0%         N/A       77%         2
 Swiftness                Air            0%         N/A       94%         3
 Tukima's Dance           Hex            0%         N/A       94%         3
 Airstrike                Air            0%         N/A       100%        4
 Passage of Golubria      Tloc           0%         N/A       100%        4
 Yara's Violent Unravell  Hex/Tmut       0%         3d3       100%        5
 Summon Hydra             Summ           0%         N/A       100%        7


Dungeon Overview and Level Annotations

Branches:
Dungeon (8/15)             Temple (1/1) D:5
   Lair: D:8-11

Altars:
Ashenzari
Cheibriados
Elyvilon
Fedhas
Gozag
Hepliaklqana
Kikubaaqudgha
Makhleb
Nemelex Xobeh
Okawaru
Qazlal
Ru
Sif Muna
Trog
Uskayaw
Vehumet
Wu Jian
Xom
Yredelemnul
Zin
The Shining One


Innate Abilities, Weirdness & Mutations

Your skin changes colour to match your surroundings (Stealth+).
Armour fits poorly on your strangely shaped body.
You are weak. (Str -2)


Message History

Your shadow imp gestures at the orc warrior.
The orc warrior struggles to resist.
The orc warrior barely misses your shadow imp.
Your shadow imp hits the orc warrior but does no damage.
The orc warrior barely misses your shadow imp.
Okay, then.
Okay, then.
Found a stone staircase leading down. "How about this?"
Your +4 flail briefly glows.
Your shadow imp completely misses the orc warrior.
The orc warrior hits your shadow imp with a +0 flail!
Your shadow imp dies!
Your shadow imp disappears in a puff of smoke!
Unknown command.
Fire: 32 arrows
Press: ? - help, Q - select action, (/) - cycle Shift-Dir - straight line, f/p - orc warrior
Aim: an orc warrior, wielding a +0 flail and wearing a +0 chain mail (heavily wounded, 70% to hit)
You shoot an arrow.
The arrow barely misses the orc warrior.
Fire: 31 arrows
Press: ? - help, Q - select action, (/) - cycle Shift-Dir - straight line, f/p - orc warrior
Aim: an orc warrior, wielding a +0 flail and wearing a +0 chain mail (magical condensation, heavily wounded, 70% to hit)
You shoot an arrow.
The arrow hits the orc warrior but does no damage.
The orc warrior is heavily wounded.
Fire: 30 arrows
Press: ? - help, Q - select action, (/) - cycle Shift-Dir - straight line, f/p - orc warrior
Aim: an orc warrior, wielding a +0 flail and wearing a +0 chain mail (magical condensation, heavily wounded, 70% to hit)
You shoot an arrow.
The arrow hits the orc warrior but does no damage.
The orc warrior is heavily wounded.
As you read the scroll of teleportation, it crumbles to dust.
You feel strangely unstable.
Your surroundings suddenly seem different.
d - 31 arrows (gained 2)
The centaur shouts!
The centaur shoots an arrow.
The arrow hits you!
You die...
Xom chuckles heartily!

..# # #.#........ ..#
##.#.##.#........ >.
.. ...((((..........
.. ... ...#.#......#
.# #..###
#..#........# .#
...... #..#.#......#
.#
#.....##..#.#......##
.#
#.........###........
.#
#......c....@<......#
o#
..###..#.###.......#
D# .###(.#.#
#######.# .#
#...(........ .. F#
#.....(.#.##...
.######(##(##.# .
(((F)))((...(.#.##
#######(##(###.##.
.......<.((....#y.


You could see a centaur.

Vanquished Creatures
  Pikel (D:4)
  Grinder (D:6)
  A steam dragon (D:7)
  Menkaure (D:4)
  A water moccasin (D:4)
  2 sky beasts
  An ice beast (D:7)
  An ogre (D:4)
  4 centaurs
  A lemure (D:4)
  Blork the orc (D:4)
  2 kobold brigands
  3 bullfrogs (D:8)
  A scorpion (D:5)
  A wyvern skeleton (D:6)
  A killer bee (D:8)
  4 howler monkeys (D:8)
  2 hounds
  Crazy Yiuf (D:7)
  4 jellies
  3 orc priests
  3 iguanas
  A centaur skeleton (D:6)
  7 orc wizards
  2 hound skeletons (D:5)
  2 howler monkey skeletons (D:6)
  8 adders
  11 gnolls
  A worm (D:5)
  25 orcs
  7 ball pythons
  3 bats
  6 endoplasms
  4 giant cockroaches
  4 hobgoblins
  4 jackals (D:2)
  A quokka (D:3)
  3 frilled lizards
  8 goblins
  15 kobolds
  5 rats
157 creatures vanquished.

Vanquished Creatures (collateral kills)
  A gnoll shaman (D:8)
  A jelly (D:6)
2 creatures vanquished.

Vanquished Creatures (others)
  A plant (D:8)
1 creature vanquished.

Grand Total: 160 creatures vanquished

Notes
Turn   | Place    | Note
-------+----------+-------------------------------------------
     0 | D:1      | Gabide the Deep Elf Hunter began the quest for the Orb.
     0 | D:1      | Reached XP level 1. HP: 12/12 MP: 3/3
   303 | D:1      | Reached XP level 2. HP: 14/17 MP: 4/4
   528 | D:1      | Found a faded altar of an unknown god.
  1142 | D:2      | Reached XP level 3. HP: 9/21 MP: 5/5
  1450 | D:2      | Found a sacrificial altar of Ru.
  1466 | D:2      | Reached skill level 6 in Bows
  2118 | D:2      | Reached XP level 4. HP: 5/26 MP: 6/6
  3697 | D:3      | Reached XP level 5. HP: 31/31 MP: 7/7
  4101 | D:4      | Reached skill level 7 in Bows
  4184 | D:4      | Noticed a water moccasin
  4193 | D:4      | Killed a water moccasin
  4194 | D:4      | Reached XP level 6. HP: 31/36 MP: 8/8
  4558 | D:4      | Reached skill level 8 in Bows
  4854 | D:4      | Noticed Menkaure
  4859 | D:4      | Killed Menkaure
  4860 | D:4      | Reached XP level 7. HP: 24/41 MP: 9/9
  5032 | D:4      | Noticed Pikel
  5298 | D:4      | Noticed Blork the orc
  5310 | D:4      | Killed Blork the orc
  5371 | D:4      | Killed Pikel
  5372 | D:4      | Reached skill level 9 in Bows
  5372 | D:4      | Reached skill level 5 in Dodging
  5372 | D:4      | Reached skill level 5 in Stealth
  5372 | D:4      | Reached XP level 8. HP: 20/48 MP: 10/10
  5825 | D:5      | Entered Level 5 of the Dungeon
  6254 | D:5      | Reached skill level 10 in Bows
  6307 | D:5      | Found a staircase to the Ecumenical Temple.
  6334 | Temple   | Entered the Ecumenical Temple
  6553 | Temple   | Became a worshipper of Xom of Chaos
  6883 | D:6      | XOM: potion effect (might)
  7338 | D:6      | XOM: cast spell 'Summon Mana Viper'
  7476 | D:6      | XOM: give mutations
  7476 | D:6      | Gained mutation: Your skin changes colour to match your
                  | surroundings (Stealth+). [Xom's mischief]
  7476 | D:6      | Gained mutation: Armour fits poorly on your strangely
                  | shaped body. [Xom's mischief]
  7476 | D:6      | Gained mutation: You are weak. (Str -2) [Xom's mischief]
  7486 | D:6      | Noticed Grinder
  7499 | D:6      | Killed Grinder
  7500 | D:6      | Reached skill level 11 in Bows
  7500 | D:6      | Reached XP level 9. HP: 52/52 MP: 11/11
  7537 | D:6      | XOM: silly message
  7614 | D:6      | XOM: noise
  7727 | D:6      | XOM: summons 2 hostile demons
  7964 | D:7      | Found a basalt altar of Yredelemnul.
  7968 | D:7      | Found a bloodstained altar of Trog.
  8093 | D:7      | XOM: 7-stop teleportation journey
  8310 | D:7      | XOM: silly message
  8533 | D:7      | Found a runed translucent door.
  8534 | D:7      | Noticed Crazy Yiuf
  8542 | D:7      | Killed Crazy Yiuf
  9090 | D:8      | HP: 2/53 [centaur/arrow (8)]
  9542 | D:8      | Reached skill level 5 in Fighting
  9562 | D:8      | Reached skill level 12 in Bows
  9697 | D:8      | XOM: 1-stop teleportation journey
  9715 | D:8      | XOM: enchant monster (bad)
  9718 | D:8      | XOM: confuse monster(s)
  9741 | D:8      | XOM: summons friendly ufetubus
  9745 | D:8      | XOM: summons 3 friendly demons
  9748 | D:8      | XOM: potion effect (brilliance)
  9758 | D:8      | XOM: smoke on damage
  9762 | D:8      | XOM: silly message
  9776 | D:8      | Shot with an arrow by a centaur

Illustrated notes

Levels and vault maps discovered:
D:1:      dpeg_arrival_ternary, layout_loops_corners,
          hellmonk_ecumenical_altar_heavens_door, minmay_misc_feat_rows,
          minmay_close_crescents
D:2:      layout_basic, basic_altar
D:3:      layout_basic
D:4:      layout_basic, fountainhead, uniq_pikel, uniq_blork_the_orc,
          uniq_menkaure
D:5:      layout_loops_ring, temple_green
D:6:      layout_rooms, uniq_grinder
D:7:      layout_cave_pods, chequers_temple_overflow_statue_of_worship,
          uniq_crazy_yiuf_cottage
D:8:      layout_basic, mainiacjoe_overflow_tiny_flanked, serial_bayou_pond_d,
          minmay_joined_circles
Temple:   mainiacjoe_temple_bowtie_tessellation

Skill      XL: |  1  2  3  4  5  6  7  8  9 |
---------------+----------------------------+-----
Stealth        | 2 3 4 5 6 7 |  7.0
Bows           | 6 7 8 9 11 12 | 12.8
Fighting       | 2 3 4 5 |  5.5
Dodging        | 3 4 5 6 8 |  8.0

Action                   |  1- 3 |  4- 6 |  7- 9 || total
-------------------------+-------+-------+-------++-------
Melee: Flail             |     9 |       |     6 ||    15
 Fire: Shortbow          |    89 |   168 |   421 ||   678
  Use: Scroll            |     1 |     3 |     3 ||     7
Armor: Ring mail         |     9 |    19 |    41 ||    69
       Leather armour    |     2 |       |       ||     2
Dodge: Dodged            |    24 |    36 |    69 ||   129
